[Event "Titled Tuesday Blitz April 4 Early 2023"]
[White "Forgacs, Attila Jr."]
[Black "Dehtiarov, Roman"]
[WhiteFideId "773654"]
[BlackFideId "14186640"]
[WhiteElo "2168"]
[BlackElo "2189"]
[Result "1/2-1/2"]
[Round "04"]
[TimeControl "180+2"]
[Date "2023.04.04"]
[WhiteClock "0:00:09"]
[BlackClock "0:00:25"]

1. e4 e5 2. Nf3 Nc6 3. Bb5 a6 4. Ba4 Nf6 5. O-O Be7 6. Re1 b5 7. Bb3 d6 8. c3 O-O 9. h3 Nb8 10. d4 Nbd7 11. Nbd2 Bb7 12. Bc2 Re8 13. Bd3 c5 14. a4 c4 15. Bf1 Bf8 16. g3 exd4 17. cxd4 Nxe4 18. Nxe4 Rxe4 19. Bg2 Rxe1+ 20. Qxe1 Nf6 21. Bg5 h6 22. Bf4 g5 23. Bd2 Bg7 24. Bb4 Qd7 25. axb5 axb5 26. Rxa8+ Bxa8 27. Qa1 Be4 28. Qa6 Qb7 29. Qxb7 Bxb7 30. Bxd6 Nd7 31. Ne5 Bxg2 32. Kxg2 Nxe5 33. dxe5 f6 34. e6 f5 35. Ba3 c3 36. b3 Bd4 37. Kf3 Kg7 38. Ke2 Kf6 39. e7 Kf7 40. g4 fxg4 41. hxg4 h5 42. gxh5 g4 43. h6 c2 44. h7 b4 45. Bc1 Kxe7 46. Kd3 Be5 47. Kxc2 Kf7 48. Bb2 Bxb2 49. Kxb2 Kg7 50. Kc2 Kxh7 51. Kd3 Kg6 52. Kc4 Kf5 53. Kxb4 Kf4 54. Kc4 Kf3 55. b4 Kxf2 56. b5 g3 57. b6 g2 58. b7 g1=Q 59. b8=Q Qc1+ 60. Kd5 Qd2+ 61. Kc6 Qc3+ 62. Kd7 Qg7+ 63. Kc6 Qg2+ 64. Kd7 Qh3+ 65. Kc6 Qf3+ 66. Kd7 Qf7+ 67. Kc6 Qc4+ 68. Kd7 Qa4+ 69. Kc8 Qe8+ 70. Kb7 Qb5+ 71. Ka8 Qd5+ 72. Qb7 Qd8+ 73. Qb8 Qf6 74. Qa7+ Kf3 75. Qb7+ Ke3 76. Qb3+ Ke4 77. Qc4+ Kf5 78. Qf1+ Ke6 79. Qxf6+ Kxf6 1/2-1/2


[Site "https://www.chess.com"]

[Event "Titled Tuesday Blitz April 4 Early 2023"]
[White "Jovic, Stanoje"]
[Black "Bronstein, Or"]
[WhiteFideId "905020"]
[BlackFideId "2815770"]
[WhiteElo "2236"]
[BlackElo "2356"]
[Result "0-1"]
[Round "04"]
[TimeControl "180+2"]
[Date "2023.04.04"]
[WhiteClock "0:00:01"]
[BlackClock "0:00:28"]

1. c4 e6 2. g3 d5 3. Bg2 dxc4 4. Nf3 a6 5. O-O b5 6. a4 Bb7 7. b3 cxb3 8. Qxb3 b4 9. a5 Nf6 10. d4 Nbd7 11. Bd2 Rb8 12. Ne5 Bxg2 13. Kxg2 Nxe5 14. dxe5 Qd5+ 15. Qxd5 Nxd5 16. e4 Ne7 17. Rc1 Kd7 18. Be3 Nc6 19. f4 Rb5 20. Nd2 Nxa5 21. Rd1 Kc8 22. Nf3 c5 23. Ng5 b3 24. Nxf7 Rg8 25. Rd8+ Kc7 26. Rad1 Nc6 27. R8d7+ Kb6 28. Nd8 Nxd8 29. Rxd8 b2 30. Rb1 g6 31. Kf3 Kc6 32. Rd2 c4 33. Rdxb2 Ba3 34. Rxb5 axb5 35. Bd2 Bc5 36. g4 Rd8 37. Ke2 Rd4 38. f5 Rxe4+ 39. Kf3 gxf5 40. gxf5 exf5 0-1


[Site "https://www.chess.com"]

[Event "Titled Tuesday Blitz April 4 Early 2023"]
[White "Kosteniuk, Alexandra"]
[Black "Bruedigam, Martin"]
[WhiteFideId "4128125"]
[BlackFideId "24608033"]
[WhiteElo "2453"]
[BlackElo "2331"]
[Result "1-0"]
[Round "04"]
[TimeControl "180+2"]
[Date "2023.04.04"]
[WhiteClock "0:01:13"]
[BlackClock "0:00:27"]

1. d4 Nf6 2. Nf3 d5 3. g3 Bf5 4. Bg2 e6 5. O-O c6 6. b3 h6 7. c4 Nbd7 8. Bb2 Be7 9. Nc3 O-O 10. Ne5 Bh7 11. f4 Rc8 12. e3 Qc7 13. g4 Nxe5 14. dxe5 Nd7 15. e4 Rfd8 16. exd5 cxd5 17. cxd5 Bc5+ 18. Kh1 exd5 19. Nxd5 Qa5 20. Bc3 Qa6 21. Qe1 Nb6 22. Nxb6 axb6 23. e6 Re8 24. exf7+ Kxf7 25. Bd5+ Kf8 26. Bxg7+ Kxg7 27. Qc3+ Kg6 28. f5+ Kg5 29. Qg7+ 1-0


[Site "https://www.chess.com"]

[Event "Titled Tuesday Blitz April 4 Early 2023"]
[White "Bodnaruk, Anastasia"]
[Black "Novikov, Evgenij"]
[WhiteFideId "4181751"]
[BlackFideId "4125380"]
[WhiteElo "2310"]
[BlackElo "2242"]
[Result "1/2-1/2"]
[Round "04"]
[TimeControl "180+2"]
[Date "2023.04.04"]
[WhiteClock "0:00:04"]
[BlackClock "0:00:04"]

1. e4 c5 2. Nc3 Nc6 3. Bb5 e5 4. Nge2 d6 5. O-O Nf6 6. d3 Bg4 7. a4 Be7 8. f3 Bh5 9. g4 Bg6 10. h4 h5 11. g5 Nd7 12. Nd5 O-O 13. f4 exf4 14. Nexf4 Nde5 15. Nxh5 a6 16. Bxc6 bxc6 17. Nxe7+ Qxe7 18. Ng3 Qe6 19. Nf5 Rfe8 20. Be3 c4 21. Bd4 cxd3 22. cxd3 d5 23. Qc2 dxe4 24. dxe4 Rad8 25. Rad1 Ng4 26. Nxg7 Qxe4 27. Qxe4 Rxe4 28. Bc3 Rd5 29. h5 Ne3 30. Rxd5 cxd5 31. hxg6 Nxf1 32. Kxf1 d4 33. Nh5 dxc3 34. bxc3 Rxa4 35. gxf7+ Kxf7 36. Nf6 Rf4+ 37. Ke2 Rf5 38. Ne4 Re5 39. Kd3 Ke6 40. Kd4 Rd5+ 41. Kc4 Re5 42. Kd4 Rd5+ 43. Kc4 Re5 44. Kd4 1/2-1/2


[Site "https://www.chess.com"]

[Event "Titled Tuesday Blitz April 4 Early 2023"]
[White "UNSTOPPABLE_LEGEND"]
[Black "Sadykov, Ramil"]
[BlackFideId "24113590"]
[WhiteElo "2497"]
[BlackElo "2245"]
[Result "1-0"]
[Round "04"]
[TimeControl "180+2"]
[Date "2023.04.04"]
[WhiteClock "0:02:14"]
[BlackClock "0:00:28"]

1. e3 d5 2. d3 c5 3. c3 Nc6 4. f3 e5 5. g3 f5 6. b3 Nf6 7. a3 Be6 8. h3 Bd6 9. Bg2 e4 10. f4 exd3 11. Qxd3 Ne4 12. Ne2 O-O 13. Nd2 Qe7 14. Bb2 Rad8 15. Nxe4 dxe4 16. Qc2 c4 17. b4 Qc7 18. O-O-O Ne7 19. Nd4 Bd7 20. g4 Nd5 21. Rhe1 Nxe3 22. Rxe3 Bxf4 23. Re1 fxg4 24. hxg4 Bxg4 25. Bxe4 h6 26. Kb1 Bxe3 27. Rxe3 Rf1+ 28. Ka2 Rdf8 29. Bd5+ Kh8 30. Nb5 Qb6 31. Nd4 R1f2 32. Qc1 Qc7 33. Ne6 Bxe6 34. Rxe6 b5 35. a4 bxa4 36. Ka3 a5 37. Qe3 axb4+ 38. cxb4 c3 39. Bxc3 Qf4 40. Rxh6+ 1-0


[Site "https://www.chess.com"]

[Event "Titled Tuesday Blitz April 4 Early 2023"]
[White "Itgelt, Khuyagtsogt"]
[Black "Miszler, Levente"]
[WhiteFideId "4902912"]
[BlackFideId "763276"]
[WhiteElo "2227"]
[BlackElo "2176"]
[Result "1-0"]
[Round "04"]
[TimeControl "180+2"]
[Date "2023.04.04"]
[WhiteClock "0:00:31"]
[BlackClock "0:00:25"]

1. Nf3 Nf6 2. d4 g6 3. c4 Bg7 4. g3 O-O 5. Bg2 d5 6. cxd5 Nxd5 7. O-O c5 8. dxc5 Na6 9. Nd4 Ndb4 10. Be3 Bxd4 11. Bxd4 Nc2 12. Qxc2 Qxd4 13. Rd1 Qxc5 14. Qxc5 Nxc5 15. Nc3 Bf5 16. b4 Nd7 17. Nd5 Be6 18. Nc7 Rad8 19. Nxe6 fxe6 20. Bxb7 Nb6 21. a4 Nc4 22. a5 Rb8 23. Rd7 Nd6 24. a6 Kf7 25. Rd1 Kf6 26. R1xd6 exd6 27. b5 d5 28. Rxh7 Rh8 29. Rxh8 Rxh8 30. e3 Ke5 31. Kf1 Kd6 32. b6 axb6 33. a7 b5 34. Ke2 b4 35. a8=Q Rxa8 36. Bxa8 b3 37. Kd3 g5 38. h4 gxh4 39. gxh4 Ke5 40. Kc3 Kf5 41. Kxb3 Kg4 42. Kc3 Kxh4 43. Kd4 Kg4 44. Bxd5 exd5 45. Kxd5 Kf3 46. e4 1-0


[Site "https://www.chess.com"]

[Event "Titled Tuesday Blitz April 4 Early 2023"]
[White "Jakubowski, Krzysztof"]
[Black "WindWhistler11"]
[WhiteFideId "1112848"]
[WhiteElo "2359"]
[BlackElo "2474"]
[Result "1-0"]
[Round "04"]
[TimeControl "180+2"]
[Date "2023.04.04"]
[WhiteClock "0:00:10"]
[BlackClock "0:00:01"]

1. e4 e6 2. d3 d5 3. Nd2 Nf6 4. Ngf3 c5 5. g3 Nc6 6. Bg2 g6 7. O-O Bg7 8. Re1 O-O 9. a4 Re8 10. c3 b6 11. e5 Nd7 12. d4 cxd4 13. cxd4 Ba6 14. Nf1 Rc8 15. Bd2 Bd3 16. Ne3 Be4 17. Bc3 Qe7 18. Bf1 f6 19. exf6 Qxf6 20. Nd2 Rf8 21. Ng4 Qf5 22. Bh3 Kh8 23. f4 Qh5 24. Nxe4 dxe4 25. Nf2 Nf6 26. Qxh5 gxh5 27. Bxe6 Rce8 28. d5 Na5 29. Nxe4 1-0


[Site "https://www.chess.com"]

[Event "Titled Tuesday Blitz April 4 Early 2023"]
[White "Munoz, Francisco Javier"]
[Black "Santos Flores, Alberto"]
[WhiteFideId "128368"]
[BlackFideId "3601234"]
[WhiteElo "2383"]
[BlackElo "2235"]
[Result "0-1"]
[Round "04"]
[TimeControl "180+2"]
[Date "2023.04.04"]
[WhiteClock "0:00:14"]
[BlackClock "0:00:49"]

1. e4 c5 2. Nc3 Nc6 3. f4 g6 4. Nf3 Bg7 5. Bb5 Nd4 6. Nxd4 cxd4 7. Ne2 e6 8. O-O Ne7 9. d3 O-O 10. Ba4 d6 11. Bb3 b5 12. a4 Bd7 13. axb5 Bxb5 14. f5 exf5 15. exf5 Nxf5 16. Rxf5 gxf5 17. Nf4 Qh4 18. Bd2 Bc6 19. Ra5 Be5 20. Qf1 Kh8 21. g3 Qg4 22. Bd5 Bxd5 23. Nxd5 h5 24. Bf4 h4 25. Bxe5+ dxe5 26. Nf6 Qg5 27. Nd7 hxg3 28. Nxe5 gxh2+ 29. Kh1 Qg1+ 30. Qxg1 hxg1=Q+ 31. Kxg1 Kg7 32. Nc4 Rfe8 33. Rxf5 Re2 34. Na3 Rb8 35. b3 Rb6 36. Rf4 Ra6 37. Rg4+ Kf8 0-1


[Site "https://www.chess.com"]

[Event "Titled Tuesday Blitz April 4 Early 2023"]
[White "Lewicki, Miroslaw"]
[Black "Shvedova, Alexandra"]
[WhiteFideId "1113380"]
[BlackFideId "54154782"]
[WhiteElo "2212"]
[BlackElo "2057"]
[Result "0-1"]
[Round "04"]
[TimeControl "180+2"]
[Date "2023.04.04"]
[WhiteClock "0:00:01"]
[BlackClock "0:00:05"]

1. f3 d5 2. Kf2 e5 3. g3 Nf6 4. Kg2 b6 5. d3 Bb7 6. b3 d4 7. Bb2 Nbd7 8. c4 Ng4 9. Bc1 h5 10. h3 Ne3+ 11. Bxe3 dxe3 12. Nc3 h4 13. g4 Qf6 14. Rh2 Qf4 15. Kh1 Nf6 16. b4 Bd6 17. a3 e4 18. Rg2 exd3 19. exd3 O-O-O 20. Nce2 Qg5 21. Qa4 a6 22. Rc1 Nd7 23. d4 c5 24. bxc5 bxc5 25. d5 Qg6 26. f4 Qe4 27. Nc3 Qxf4 28. Rb1 Bc7 29. Bd3 Nb6 30. Qa5 Nxd5 31. Bf5+ Qxf5 32. gxf5 Bxa5 33. Nxd5 Rxd5 34. Rxb7 Rxf5 35. Ra7 Rh6 36. Rxg7 Kb8 37. Re7 Rh8 38. Rxe3 Kc8 39. Re7 Kd8 40. Ra7 Rh6 41. Ra8+ Ke7 42. Ra7+ Kf8 43. Rg4 Rg6 44. Rxh4 Rf1 45. Rg4 Rxg4 46. hxg4 Rf4 47. Rxa6 Be1 48. Ne2 Rxg4 49. Ra4 Bf2 50. Kh2 Rg6 51. Nc1 Rd6 52. Kg2 Be3 53. Nb3 Rd3 54. Na5 Bc1 55. Nc6 Bxa3 56. Ra8+ Kg7 57. Ra7 Rd2+ 58. Kf3 Bb2 59. Ke4 Rc2 60. Kd5 Rd2+ 61. Kxc5 Kg6 62. Kb5 f5 63. Ne7+ Kf6 64. Nd5+ Ke5 65. Nb4 f4 66. Re7+ Kf5 67. Rf7+ Kg4 68. c5 f3 69. c6 Be5 70. Re7 Bf4 0-1


[Site "https://www.chess.com"]

[Event "Titled Tuesday Blitz April 4 Early 2023"]
[White "Guz, Ari"]
[Black "Petrova, Irina"]
[WhiteFideId "2825759"]
[BlackFideId "14124122"]
[WhiteElo "2205"]
[BlackElo "2084"]
[Result "1-0"]
[Round "04"]
[TimeControl "180+2"]
[Date "2023.04.04"]
[WhiteClock "0:01:27"]
[BlackClock "0:00:03"]

1. e4 d6 2. d4 Nf6 3. Nc3 e5 4. Nf3 Nbd7 5. Bc4 Be7 6. O-O c6 7. a4 h6 8. Nh4 O-O 9. Nf5 Nb6 10. Nxe7+ Qxe7 11. Bb3 exd4 12. Qxd4 Be6 13. Bf4 Rad8 14. a5 Nc8 15. Ba4 d5 16. e5 Nd7 17. Bg3 Qc5 18. Qd2 Ne7 19. Rfb1 Nf5 20. b4 Qe7 21. Bf4 g5 22. Bg3 Nxg3 23. hxg3 Nxe5 24. a6 b5 25. Bb3 Qf6 26. Qe3 Ng4 27. Qf3 Qxf3 28. gxf3 Ne5 29. Kg2 d4 30. Ne4 Bxb3 31. Rxb3 Kg7 32. Nc5 Rd5 33. Rd1 Rfd8 34. Nb7 Re8 35. Na5 Re6 36. f4 gxf4 37. gxf4 Nc4 38. Nb7 Re2 39. Kf3 Rxc2 40. Rbd3 Rb2 41. Rxd4 Rxd4 42. Rxd4 Rxb4 43. Nd8 Ra4 44. Rd7 Rxa6 45. Nxf7 Kf6 46. Nxh6 Ra3+ 47. Kg4 b4 48. Rc7 b3 49. Rxc6+ Kg7 50. Nf5+ Kf8 51. Rxc4 b2 52. Rb4 Ra2 53. Rb7 a5 54. Kg5 Ke8 55. Nd6+ Kd8 56. Nc4 b1=Q 57. Rxb1 Rxf2 58. Nxa5 Rg2+ 59. Kf6 Ra2 60. Nc6+ Kc7 61. Nd4 Ra6+ 62. Ne6+ Kd6 63. f5 Kd5 64. Rd1+ Ke4 65. Rd4+ Ke3 66. Rb4 1-0


[Site "https://www.chess.com"]

[Event "Titled Tuesday Blitz April 4 Early 2023"]
[White "Bilan, Danila"]
[Black "Bas Mas, Jose Joaquin"]
[WhiteFideId "24161918"]
[BlackFideId "22219064"]
[WhiteElo "2182"]
[BlackElo "2233"]
[Result "1-0"]
[Round "04"]
[TimeControl "180+2"]
[Date "2023.04.04"]
[WhiteClock "0:00:03"]
[BlackClock "0:00:07"]

1. d4 d5 2. Nf3 Nf6 3. c4 e6 4. g3 Bb4+ 5. Bd2 Be7 6. Qc2 O-O 7. Bg2 Nbd7 8. O-O c6 9. Bf4 Ne4 10. Nc3 f5 11. Ne5 g5 12. Nxd7 Bxd7 13. Be5 Bf6 14. Bxf6 Qxf6 15. Rad1 Nd6 16. c5 Nf7 17. f4 Kh8 18. e3 Rg8 19. b4 a6 20. a4 Nh6 21. fxg5 Qxg5 22. Rf4 Ng4 23. Qe2 Qh6 24. Bf3 Nf6 25. Nb1 Be8 26. Nd2 Bh5 27. Rh4 Rg5 28. Bxh5 Nxh5 29. Nf3 Rag8 30. Nxg5 Rxg5 31. Kf2 Qg6 32. b5 axb5 33. axb5 Nf6 34. bxc6 bxc6 35. Ra1 Ne4+ 36. Rxe4 fxe4 37. Ra8+ Kg7 38. Ra7+ Kh6 39. Kg2 Rf5 40. Rc7 e5 41. dxe5 Rxe5 42. Qb2 Rf5 43. Qb6 Qg4 44. Rxc6+ Kg5 45. Qd8+ Kh5 46. Qe8+ Kg5 47. h4+ 1-0


[Site "https://www.chess.com"]

[Event "Titled Tuesday Blitz April 4 Early 2023"]
[White "Dobre, Claudiu-Cristian"]
[Black "Bowden, Karl"]
[WhiteFideId "1211854"]
[BlackFideId "400548"]
[WhiteElo "2207"]
[BlackElo "2434"]
[Result "0-1"]
[Round "04"]
[TimeControl "180+2"]
[Date "2023.04.04"]
[WhiteClock "0:00:05"]
[BlackClock "0:01:26"]

1. e4 e5 2. Nf3 d5 3. Nxe5 Bd6 4. d4 dxe4 5. Nc4 Ne7 6. Nc3 Bf5 7. Be3 O-O 8. Qd2 Bb4 9. a3 Bxc3 10. Qxc3 Nd5 11. Qd2 Nxe3 12. Nxe3 Bg6 13. h4 h5 14. Bc4 Nc6 15. O-O-O Ne7 16. g4 hxg4 17. h5 Bf5 18. h6 g6 19. d5 Kh7 20. d6 cxd6 21. Qd4 f6 22. Rdg1 Qd7 23. Nd5 Nxd5 24. Bxd5 Qe7 25. Qe3 Qe5 26. c4 b5 27. Kb1 Rab8 28. Rd1 bxc4 29. Qd4 e3+ 30. Ka2 Qxd4 31. Rxd4 exf2 32. Rxc4 Rbc8 33. Rhc1 g3 34. Rxc8 Rxc8 35. Rxc8 Bxc8 36. Bg2 Ba6 37. Kb3 f1=Q 38. Bxf1 Bxf1 0-1


[Site "https://www.chess.com"]

[Event "Titled Tuesday Blitz April 4 Early 2023"]
[White "Berezin, Viktor"]
[Black "Liu, Casper"]
[WhiteFideId "14107872"]
[BlackFideId "1454153"]
[WhiteElo "2310"]
[BlackElo "2221"]
[Result "1-0"]
[Round "04"]
[TimeControl "180+2"]
[Date "2023.04.04"]
[WhiteClock "0:01:07"]
[BlackClock "0:01:44"]

1. d4 Nf6 2. Nf3 g6 3. g3 Bg7 4. Bg2 d5 5. O-O O-O 6. c4 dxc4 7. Na3 Be6 8. Qc2 c6 9. Nxc4 Nd5 10. a3 Nd7 11. Rd1 N7b6 12. Nxb6 Nxb6 13. e4 Rc8 14. Be3 Nc4 15. Bf4 Qb6 16. Ng5 Nxb2 17. Nxe6 fxe6 18. Rab1 Bxd4 19. Rxd4 Qxd4 20. Be3 Qd3 21. Qxb2 b6 22. h4 Rcd8 23. h5 e5 24. Rc1 Qd6 25. hxg6 hxg6 26. Bf1 c5 27. Bc4+ Kh7 28. Kg2 Rh8 29. Rh1+ Kg7 30. Bf4 1-0


[Site "https://www.chess.com"]

[Event "Titled Tuesday Blitz April 4 Early 2023"]
[White "Staudenhocker43"]
[Black "Topalov, Aleksandar"]
[BlackFideId "925659"]
[WhiteElo "2556"]
[BlackElo "2151"]
[Result "1/2-1/2"]
[Round "04"]
[TimeControl "180+2"]
[Date "2023.04.04"]
[WhiteClock "0:00:11"]
[BlackClock "0:00:18"]

1. d4 Nf6 2. Nf3 g6 3. Nbd2 Bg7 4. e4 d6 5. Be2 O-O 6. O-O c5 7. c3 cxd4 8. cxd4 Nc6 9. b3 a5 10. Bb2 a4 11. bxa4 Qa5 12. Bb5 Bg4 13. Re1 Nd7 14. h3 Bxf3 15. Nxf3 Nb6 16. Qb3 Nxa4 17. Bxa4 Qxa4 18. Red1 Rfc8 19. e5 dxe5 20. dxe5 Qxb3 21. axb3 Rxa1 22. Rxa1 Rd8 23. Kf1 Rd3 24. Ra8+ Rd8 25. Rxd8+ Nxd8 26. Ke2 Kf8 27. Kd3 Ke8 28. Ke4 Kd7 29. Ng5 Ne6 30. Nxe6 Kxe6 31. Bd4 f5+ 32. exf6 exf6 33. Kd3 Kd5 34. g4 Ke6 35. Kc4 Bf8 36. f3 f5 37. b4 Bd6 38. Bc3 Bg3 39. Bd4 Bd6 40. Bb2 Be7 41. Kb5 Kd7 42. Bc3 Bd8 43. Kc5 Be7+ 44. Kd5 Bf8 45. gxf5 gxf5 46. b5 Bh6 47. Bf6 Bf4 48. Be5 Bh6 49. Bg3 Bg7 50. Bf2 Bf6 51. Bd4 Bxd4 52. Kxd4 Kd6 53. f4 b6 54. Kc4 Ke6 55. Kd4 Kd6 56. Kc4 Ke6 57. Kd4 Kd6 1/2-1/2


[Site "https://www.chess.com"]

[Event "Titled Tuesday Blitz April 4 Early 2023"]
[White "Horak, Martin"]
[Black "Avazkhonov, Alikhon"]
[WhiteFideId "367095"]
[BlackFideId "14208504"]
[WhiteElo "2091"]
[BlackElo "1739"]
[Result "1-0"]
[Round "04"]
[TimeControl "180+2"]
[Date "2023.04.04"]
[WhiteClock "0:00:07"]
[BlackClock "0:00:02"]

1. d4 Nf6 2. Nf3 e6 3. c4 Bb4+ 4. Bd2 Qe7 5. g3 Nc6 6. Nc3 O-O 7. Bg2 Bxc3 8. Bxc3 Ne4 9. Qc2 Nxc3 10. Qxc3 d6 11. O-O e5 12. dxe5 Nxe5 13. Nxe5 dxe5 14. Rad1 c6 15. Rd2 Bf5 16. Rfd1 f6 17. Rd6 Rad8 18. Qd2 Rxd6 19. Qxd6 Qxd6 20. Rxd6 Kf7 21. c5 Ke7 22. e3 a5 23. Kf1 Rd8 24. Rxd8 Kxd8 25. Ke2 Kc7 26. Kd2 Bb1 27. a3 b6 28. cxb6+ Kxb6 29. Kc3 Bg6 30. b4 axb4+ 31. Kxb4 c5+ 32. Kc3 Bf7 33. Be4 g6 34. Bd3 f5 35. f4 exf4 36. exf4 Ka5 37. Bc4 Be8 38. Bg8 h6 39. Bb3 Bd7 40. Bf7 g5 41. Kc4 Kb6 42. Bd5 gxf4 43. gxf4 Bb5+ 44. Kc3 Bd7 45. Bg8 Kb5 46. Bb3 Kb6 47. Bc2 Be6 48. Bd3 Bd7 49. Bc4 Kc6 50. Kb3 Kb6 51. Bd5 Kb5 52. a4+ Kb6 53. Bf7 Bc8 54. Be8 Be6+ 55. Kc3 Ka5 56. Bc6 c4 57. Bb5 1-0


[Site "https://www.chess.com"]

[Event "Titled Tuesday Blitz April 4 Early 2023"]
[White "Manon-og, Ramon Jr."]
[Black "Demin, Vladimir"]
[WhiteFideId "5200776"]
[BlackFideId "4167457"]
[WhiteElo "2379"]
[BlackElo "2548"]
[Result "0-1"]
[Round "04"]
[TimeControl "180+2"]
[Date "2023.04.04"]
[WhiteClock "0:01:11"]
[BlackClock "0:00:44"]

1. e4 e5 2. Nf3 Nc6 3. Bc4 Bc5 4. c3 Nf6 5. d4 exd4 6. e5 d5 7. Bb5 Ne4 8. cxd4 Bb6 9. Nc3 O-O 10. Be3 Bg4 11. h3 Bxf3 12. gxf3 Ng5 13. h4 Ne6 14. Ne2 Ne7 15. Bd3 c5 16. f4 cxd4 17. Bd2 Nc5 18. Qc2 Nxd3+ 19. Qxd3 Nc6 20. Rg1 Qe7 21. h5 h6 22. Qg3 f6 23. Qg6 fxe5 24. Qxh6 d3 25. Nc3 exf4+ 26. Kf1 Rf7 27. Re1 Qh4 0-1


[Site "https://www.chess.com"]

[Event "Titled Tuesday Blitz April 4 Early 2023"]
[White "Krsnik Cohar, Ivan Vihor"]
[Black "Rosenberg, Evan S"]
[WhiteFideId "14520044"]
[BlackFideId "2019299"]
[WhiteElo "2414"]
[BlackElo "2205"]
[Result "0-1"]
[Round "04"]
[TimeControl "180+2"]
[Date "2023.04.04"]
[WhiteClock "0:00:01"]
[BlackClock "0:00:09"]

1. e4 e5 2. Nf3 Nc6 3. d4 exd4 4. Bc4 Nf6 5. O-O Nxe4 6. Re1 d5 7. Bxd5 Qxd5 8. Nc3 Qd7 9. Rxe4+ Be7 10. Nxd4 f5 11. Rf4 O-O 12. Nxc6 Qxc6 13. Qd5+ Qxd5 14. Nxd5 Bd6 15. Rf3 b6 16. Bf4 Bb7 17. Bxd6 Bxd5 18. Bxf8 Bxf3 19. Bxg7 Kxg7 20. gxf3 Rd8 21. Re1 Kf6 22. Re2 h5 23. Kg2 Rg8+ 24. Kh3 Rg1 25. Kh4 Rh1 26. h3 a5 27. a4 c6 28. Rd2 Ke5 29. f4+ Kxf4 30. Rd6 Rh2 31. Rxc6 Rxf2 32. Kxh5 Kg3 33. h4 f4 34. Kg5 f3 35. h5 Rd2 36. h6 f2 37. Rf6 Rxc2 38. Rf8 Rc5+ 39. Kg6 Rc4 40. Kg5 Rg4+ 41. Kh5 Rh4+ 42. Kg5 Rh1 43. Kg6 f1=Q 0-1


[Site "https://www.chess.com"]

[Event "Titled Tuesday Blitz April 4 Early 2023"]
[White "Matute Escobar, Roxanny"]
[Black "koncheto"]
[WhiteFideId "3926028"]
[WhiteElo "1844"]
[BlackElo "2527"]
[Result "0-1"]
[Round "04"]
[TimeControl "180+2"]
[Date "2023.04.04"]
[WhiteClock "0:00:05"]
[BlackClock "0:00:27"]

1. e4 e5 2. Nf3 Nf6 3. Nxe5 Nc6 4. Nxc6 dxc6 5. d3 Bc5 6. Be2 h5 7. c3 Ng4 8. d4 Qh4 9. Bxg4 Bxg4 10. Qc2 O-O-O 11. Be3 Bd6 12. Nd2 Rhe8 13. Nc4 f5 14. e5 Bf8 15. Bf4 c5 16. Bg3 Qe7 17. f3 h4 18. Bf2 cxd4 19. cxd4 Qb4+ 20. Qc3 Bh5 21. O-O-O Qa4 22. Kb1 g5 23. d5 Bb4 24. Qc2 Qxc2+ 25. Kxc2 h3 26. d6 hxg2 27. Rhg1 Bxf3 28. Rd3 Be4 29. Be3 f4 30. Bf2 cxd6 31. Nxd6+ Bxd6 32. exd6 Rxd6 33. Rd1 Rxd3 34. Rxd3 Rd8 0-1


[Site "https://www.chess.com"]

[Event "Titled Tuesday Blitz April 4 Early 2023"]
[White "Deuer, Marius"]
[Black "Pichot, Alan"]
[WhiteFideId "16236432"]
[BlackFideId "110973"]
[WhiteElo "2163"]
[BlackElo "2573"]
[Result "0-1"]
[Round "04"]
[TimeControl "180+2"]
[Date "2023.04.04"]
[WhiteClock "0:00:59"]
[BlackClock "0:02:34"]

1. b3 e5 2. Bb2 Nc6 3. e3 Nf6 4. Bb5 Bd6 5. d4 exd4 6. exd4 O-O 7. Ne2 Re8 8. h3 a6 9. Bxc6 dxc6 10. Nc3 Bf5 11. Qd2 Ne4 12. Nxe4 Bxe4 13. f3 Qh4+ 14. Kf1 Bg6 15. c4 Re6 16. Re1 Rae8 17. Bc1 Bg3 18. Rd1 Rxe2 19. Qxe2 Rxe2 20. Kxe2 Qe7+ 0-1


[Site "https://www.chess.com"]

[Event "Titled Tuesday Blitz April 4 Early 2023"]
[White "Leve, Nitai"]
[Black "Iskusnyh, Sergei"]
[WhiteFideId "2006898"]
[BlackFideId "4120027"]
[WhiteElo "2144"]
[BlackElo "2492"]
[Result "0-1"]
[Round "04"]
[TimeControl "180+2"]
[Date "2023.04.04"]
[WhiteClock "0:00:05"]
[BlackClock "0:00:11"]

1. e4 e6 2. d4 d5 3. Nd2 c5 4. exd5 exd5 5. Ngf3 Nc6 6. dxc5 Bxc5 7. Bd3 Nf6 8. h3 O-O 9. O-O Bb6 10. a3 Qd6 11. b3 Bxh3 12. gxh3 Qg3+ 13. Kh1 Qxh3+ 14. Nh2 Ne5 15. Nf3 Nfg4 16. Bf4 Nxd3 17. Qxd3 Nxf2+ 18. Rxf2 Bxf2 19. Qxd5 Rae8 20. Rf1 Re2 21. Qc4 Rfe8 22. Ne5 Qh5 23. Qb5 R2xe5 24. Bxe5 Rxe5 25. Qxb7 Bc5 26. Qb8+ Bf8 27. Qxa7 Re2 28. Rf2 Qd5+ 29. Kg1 Rxf2 30. Kxf2 Bc5+ 0-1


[Site "https://www.chess.com"]

[Event "Titled Tuesday Blitz April 4 Early 2023"]
[White "Vlassov, Nikolai"]
[Black "Kopczynski, Michal"]
[WhiteFideId "4103360"]
[BlackFideId "1124200"]
[WhiteElo "2324"]
[BlackElo "2212"]
[Result "1-0"]
[Round "04"]
[TimeControl "180+2"]
[Date "2023.04.04"]
[WhiteClock "0:00:12"]
[BlackClock "0:00:16"]

1. e4 c5 2. c3 d5 3. exd5 Qxd5 4. d4 cxd4 5. cxd4 Nc6 6. Nf3 Bg4 7. Nc3 Bxf3 8. gxf3 Qxd4 9. Qxd4 Nxd4 10. Nb5 Ne6 11. Bc4 a6 12. Bxe6 axb5 13. Bd5 e6 14. Bxb7 Bb4+ 15. Ke2 Rb8 16. Bc6+ Ke7 17. Rg1 g6 18. Rg5 f5 19. Bf4 Rb6 20. Rc1 Nf6 21. Bc7 Ra6 22. a3 Bd6 23. Bxb5 Ra7 24. Bxd6+ Kxd6 25. Rgg1 Rb8 26. a4 Nd5 27. Rc6+ Ke5 28. Rgc1 Rd8 29. Rc8 Rd6 30. R1c6 Nf4+ 31. Ke1 Rd5 32. Rc5 Rxc5 33. Rxc5+ Kd4 34. Rc4+ Ke5 35. Kd2 Ra8 36. b4 Rd8+ 37. Kc2 Nd5 38. Bc6 Nb6 39. Rc5+ Kd4 40. a5 Nc8 41. a6 Nb6 42. a7 Rc8 43. Kb3 e5 44. Rb5 Na8 45. Rb8 Rxc6 46. Rxa8 Ra6 47. Rd8+ 1-0


[Site "https://www.chess.com"]

[Event "Titled Tuesday Blitz April 4 Early 2023"]
[White "Gatterer, Florian"]
[Black "Sieciechowicz, Marcin"]
[WhiteFideId "811688"]
[BlackFideId "1130170"]
[WhiteElo "2221"]
[BlackElo "2302"]
[Result "0-1"]
[Round "04"]
[TimeControl "180+2"]
[Date "2023.04.04"]
[WhiteClock "0:00:04"]
[BlackClock "0:00:57"]

1. Nf3 Nf6 2. g3 g6 3. b3 Bg7 4. Bb2 O-O 5. Bg2 a5 6. O-O a4 7. b4 d6 8. a3 e5 9. e3 e4 10. Ne1 Bg4 11. f3 exf3 12. Bxf3 Bxf3 13. Qxf3 Nbd7 14. Nd3 c6 15. c4 Qe7 16. Nf2 h5 17. h3 Ne5 18. Qe2 Qe6 19. d3 d5 20. Nd2 dxc4 21. Nxc4 Nxc4 22. dxc4 Rfe8 23. Rae1 Rad8 24. e4 Nd7 25. Bxg7 Kxg7 26. Kg2 Ne5 27. c5 Qc4 28. Qb2 Kg8 29. Rc1 Qd4 30. Qe2 Qd2 31. Rc2 Qxe2 32. Rxe2 Rd4 33. Rb1 Nc4 34. Ra2 Red8 35. b5 Rd2 36. Rxd2 Rxd2 37. bxc6 bxc6 38. Rb8+ Kg7 39. Rc8 Ne5 40. Kf1 Ra2 41. Re8 Kf6 42. g4 hxg4 43. hxg4 g5 44. Rd8 Rxa3 45. Rd6+ Ke7 46. Rh6 Ra1+ 47. Ke2 Ra2+ 48. Ke3 a3 49. Rh8 Ra1 50. Ra8 a2 51. Ra7+ Ke6 52. Ke2 Nd7 53. Nd3 f6 54. Ra4 Ne5 55. Nxe5 Kxe5 56. Ra6 Rh1 0-1


[Site "https://www.chess.com"]